 Dungeon Crawl Stone Soup version 0.16.1-4-g8e1b745 (webtiles) character file.

106 RobertPalmer the Cutter (level 4, -2/29 HPs)
             Began as an Octopode Warper on Mar 27, 2015.
             Slain by an adder (4 damage)
             ... on level 4 of the Dungeon.
             The game lasted 00:04:43 (3200 turns).

RobertPalmer the Cutter (Octopode Warper)           Turns: 3200, Time: 00:04:43

Health: -2/29      AC:  2    Str: 10    XL:     4   Next: 84%
Magic:  7/7        EV: 18    Int: 15    God:
Gold:   133        SH:  0    Dex: 17    Spells: 2 memorised, 4 levels left

rFire  . . .     SeeInvis .     a - +0 short sword
rCold  . . .     Clarity  +     (no shield)
rNeg   . . .     SustAb   +     t - +1 hat
rPois  .         Gourm    .     i - amulet of clarity {Clar, !d}
rElec  .         Spirit   .     o - ring of sustain abilities {SustAb}
rCorr  .         Warding  .     (no ring)
rMut   .         Stasis   .     (no ring)
MR     .....                    (no ring)
Stlth  ++++......               (no ring)
                                (no ring)
                                (no ring)
                                (no ring)

@: agile, lethally poisoned (-2 -> -6), not resistant to hostile enchantments,
stealthy
A: almost no armour, amphibious, 8 rings, constrict 8, camouflage 1, gelatinous
body 1
a: no special abilities


You were on level 4 of the Dungeon.
You were hungry.

You visited 1 branch of the dungeon, and saw 4 of its levels.

You collected 133 gold pieces.

Inventory:

Hand weapons
 a - a +0 short sword (weapon)
Missiles
 e - 5 tomahawks of dispersal {=f}
 n - 31 poisoned needles
Armour
 m - a +0 shield
   (You found it on level 2 of the Dungeon)
 t - a +1 hat (worn)
   (You found it on level 3 of the Dungeon)
Jewellery
 i - an amulet of clarity (around mantle) {Clar, !d}
   (You found it on level 1 of the Dungeon)
 o - a ring of sustain abilities (left tentacle) {SustAb}
   (You found it on level 2 of the Dungeon)
Scrolls
 b - a scroll of amnesia
 d - 2 scrolls of blinking {!r}
 h - 3 scrolls of identify
 j - a scroll of remove curse {unknown}
 p - a scroll of random uselessness {unknown}
 r - a scroll of fog {unknown}
Potions
 l - a potion of lignification {unknown}
 u - a potion of agility
 v - a potion of curing
Books
 c - a book of Spatial Translocations
Comestibles
 f - 3 bread rations {@e1}
 g - a slice of pizza
 k - 3 royal jellies
 s - a meat ration {@e2}


   Skills:
 - Level 2.0 Fighting
 + Level 4.8 Short Blades
 - Level 1.0 Throwing
 - Level 2.3 Dodging
 - Level 2.0 Spellcasting
 - Level 3.0 Translocations


You had 4 spell levels left.
You knew the following spells:

 Your Spells              Type           Power        Failure   Level  Hunger
b - Blink                 Tloc           N/A          12%         2    ###....
g - Apportation           Tloc           ##........   8%          1    #......


Dungeon Overview and Level Annotations

Branches:
Dungeon (4/15)
 Temple: D:4-7

Altars:
Xom

Annotations:
D:3 Amon001's ghost, average FoFi


Innate Abilities, Weirdness & Mutations

You cannot wear most types of armour.
You are amphibious.
You can wear up to eight rings at the same time.
You can use your tentacles to constrict many enemies at once.
Your skin changes colour to match your surroundings (Stealth).
Your rubbery body absorbs attacks (AC +1).


Message History

It was a scroll of fear.
Read which item? (? for menu, Esc to quit)
As you read the scroll labeled BIAPHI CUVY, it crumbles to dust.
Forget which spell ([?*] list [ESC] exit)?
Forget which spell ([?*] list [ESC] exit)?
Okay, then.
It was a scroll of amnesia.
Memorise Shroud of Golubria, consuming 2 spell levels and leaving 4?
Okay, then.
Memorise Blink, consuming 2 spell levels and leaving 4?
You start memorising the spell.
You continue memorising.
You continue memorising.
You finish memorising.
Spell assigned to 'b'.
You open the door.
You are feeling hungry.
There is an open door here.
As you close the door, it creaks loudly!
As you open the door, it creaks loudly!
There is an open door here.
As you close the door, it creaks loudly!
Your magical contamination has completely faded away.
There is an open door here.
Health restored: 29
There is an open door here.
You open the door.
There is an open door here.
You open the door.
There is an open door here.
Found a stone staircase leading down.
An adder skeleton comes into view.
A rat comes into view.
The rat barely misses you.
The rat twitches its whiskers.
You see here a royal jelly.
k - 3 royal jellies (gained 1)
The rat bites you. The phantom hits you.
You take 4 damage, and have 25/29 hp.
You hit the phantom but do no damage. The rat bites you. The phantom hits you.
You take 4 damage, and have 21/29 hp.
You hit the phantom. The rat barely misses you. The phantom barely misses you.
You hit the rat but do no damage. Your grab misses the rat. The rat bites you.
You take 2 damage, and have 19/29 hp.
The rat bites you.
You take 1 damage, and have 18/29 hp.
The rat barely misses you.
The phantom blinks!
The phantom blinks!
You see here 29 sling bullets.
The phantom blinks!
An ogre comes into view. It is wielding a giant spiked club.
The ogre closely misses you.
A giant mite and a skeleton come into view.
The rat barely misses you.
A rat comes into view.
A rat comes into view.
An adder comes into view.
The rat bites you.
A goblin comes into view. It is wielding a club.
A kobold comes into view.
The goblin shouts!
The rat bites you.
You take 1 damage, and have 21/29 hp.
You hit the butterfly.
You kill the butterfly!
The rat twitches its whiskers.
The adder bites you.
The kobold throws a stone.
The stone hits you.
You take 3 damage, and have 18/29 hp.
The rat closely misses you.
The kobold throws a stone.
The stone hits you but does no damage. The rat bites you.
You see here a stone.
You take 2 damage, and have 16/29 hp.
The kobold throws a stone.
The stone hits you but does no damage. The adder barely misses you.
You see here a stone.
You see here a short sword.
The kobold barely misses you. The adder bites you but does no damage.
The kobold completely misses you.
You miss the butterfly. Your grab misses the butterfly.
Your squeeze misses the butterfly. The adder bites you.
The kobold barely misses you.
You take 4 damage, and have 13/29 hp.
You open the door. The adder bites you. The kobold barely misses you.
The adder bites you.
* * * LOW HITPOINT WARNING * * *
Found a worn fluorescent wand.
Found a shimmering altar of Xom.
You take 5 damage, and have 8/29 hp.
The rat barely misses you.
There is an open door here.
Unknown command.
The adder bites you.
* * * LOW HITPOINT WARNING * * *
You are lethally poisoned!
The adder poisons you!
You take 5 damage, and have 3/29 hp.
Drink which item? (? for menu, Esc to quit)
It was a potion of agility.
You feel agile all of a sudden.
* * * LOW HITPOINT WARNING * * *
You feel sick. The adder bites you.
You die...

#+####### #.......# #
+.......##.. #b_.........
#..Z......... #.rS@...#
###+###.'######
.........r....###
......?.....(....
.................
......s+r........
.........)........
####..#(#...####.
#####?.#(##+######+######+##


You could see an adder, a rat and a quokka skeleton.

Vanquished Creatures
  5 adders
  A giant mite (D:3)
  2 worms (D:2)
  A giant gecko (D:3)
  2 orcs (D:3)
  3 giant cockroaches
  3 goblins
  5 hobgoblins
  2 jackals (D:4)
  5 kobolds
  2 ball pythons
  8 bats
  A giant newt (D:1)
  5 rats
  A butterfly (D:4)
46 creatures vanquished.

Notes
Turn   | Place    | Note
--------------------------------------------------------------
     0 | D:1      | RobertPalmer, the Octopode Warper, began the quest for the Orb.
     0 | D:1      | Reached XP level 1. HP: 14/14 MP: 3/3
   217 | D:1      | Reached XP level 2. HP: 19/19 MP: 4/4
   798 | D:2      | Reached skill level 3 in Short Blades
   845 | D:2      | HP: 2/19 [worm (9)]
   846 | D:2      | Reached XP level 3. HP: 2/24 MP: 6/6
  1777 | D:3      | Noticed Amon001's ghost (average FoFi)
  1933 | D:4      | Noticed a phantom
  2165 | D:3      | Reached skill level 4 in Short Blades
  2168 | D:3      | Reached XP level 4. HP: 18/29 MP: 7/7
  3013 | D:4      | Noticed an ogre
  3032 | D:4      | Learned a level 2 spell: Blink
  3161 | D:4      | Noticed an ogre
  3196 | D:4      | Found a shimmering altar of Xom.
  3199 | D:4      | HP: 3/29 [adder (5)]
  3200 | D:4      | Slain by an adder

Action                   |  1- 3 |  4- 6 || total
-------------------------+-------+-------++-------
Melee: Short sword       |    66 |    46 ||   112
Throw: Tomahawk          |    31 |       ||    31
  Use: Scroll            |     2 |     4 ||     6
       Potion            |     1 |     1 ||     2
 Stab: Sleeping          |     2 |     1 ||     3
  Eat: Chunk             |     4 |     2 ||     6

Vault maps used:
D:1:      lemuel_arrival_tunnels
D:2:      hex_large
D:4:      xom_butterflies

Table legend:
 A = Turns spent in this place as a percentage of turns spent in the entire game.
 B = Non-inter-level travel turns spent in this place as a percentage of non-inter-level travel turns spent in the entire game.
 C = Inter-level travel turns spent in this place as a percentage of turns spent in this place.
 D = Turns resting spent in this place as a percentage of non-inter-level travel turns spent in this place.
 E = Turns spent auto-exploring this place as a percentage of non-inter-level travel turns spent in this place.
 F = Non-inter-level travel turns spent in this place divided by the number of levels of this place that you've seen.
                   A       B       C       D       E      F
               +-------+-------+-------+-------+-------+----------------------
         Total | 100.0 | 100.0 |   0.6 |   2.0 |   6.0 | 273.2
       Dungeon | 100.0 | 100.0 |   0.6 |   2.0 |   6.0 | 273.2
               +-------+-------+-------+-------+-------+----------------------

Table legend:
 A = Kills in this place as a percentage of kills in entire the game.
 B = Kills by you in this place as a percentage of kills by you in the entire game.
 C = Kills by friends in this place as a percentage of kills by friends in the entire game.
 D = Other kills in this place as a percentage of other kills in the entire game.
 E = Experience gained in this place as a percentage of experience gained in the entire game.
 F = Experience gained in this place divided by the number of levels of this place that you have seen.
                   A       B       C       D       E      F
               +-------+-------+-------+-------+-------+----------------------
         Total | 100.0 | 100.0 |  -nan |  -nan | 100.0 |  38.0
       Dungeon | 100.0 | 100.0 |  -nan |  -nan | 100.0 |  38.0
               +-------+-------+-------+-------+-------+----------------------
